 Dungeon Crawl Stone Soup version 0.22.1-1-ga44c0e5 (webtiles) character file.

11232 izee the Carver (level 11, -5/99 HPs)
             Began as a Minotaur Berserker on Sept 20, 2018.
             Was a High Priest of Trog.
             Slain by Snorg (7 damage)
             ... on level 11 of the Dungeon.
             The game lasted 00:33:40 (9246 turns).

izee the Carver (Minotaur Berserker)                Turns: 9246, Time: 00:33:41

Health: -5/99      AC: 25    Str: 21    XL:     11   Next: 46%
Magic:  13/13      EV: 11    Int:  9    God:    Trog [*****.]
Gold:   254        SH:  0    Dex: 13    Spells: 10/10 levels left

rFire    . . .     SeeInvis +   a - +6 triple sword of Uncertain Death {slice, rPois Dex+4 Stlth+}
rCold    . . .     Gourm    .   (shield currently unavailable)
rNeg     + . .     Faith    .   n - +7 chain mail of Courage {rN+ Int+4 Dex-4 SInv}
rPois    +         Spirit   .   (helmet restricted)
rElec    .         Reflect  .   q - +0 cloak
rCorr    .         Harm     .   z - +2 pair of gloves
MR       .....                  f - +0 pair of boots
Stlth    ..........             r - amulet of regeneration
HPRegen  0.66/turn              (no ring)
MPRegen  0.13/turn              y - +1 ring of protection

@: lethally poisoned (-5 -> -5), about to teleport, slowed, very slow
A: retaliatory headbutt, horns 2
a: Berserk, Trog's Hand, Brothers in Arms, Renounce Religion


You were on level 11 of the Dungeon.
You worshipped Trog.
Trog was extremely pleased with you.
You were not hungry.

You visited 1 branch of the dungeon, and saw 11 of its levels.

You collected 708 gold pieces.
You spent 454 gold pieces at shops.

Inventory:

Hand Weapons
 a - the +6 triple sword of Uncertain Death (weapon) {slice, rPois Dex+4 Stlth+}
   (Trog gifted it to you on level 10 of the Dungeon)

   It inflicts extra damage upon your enemies.
   It affects your dexterity (+4).
   It protects you from poison.
   It makes you more stealthy.
 b - a +1 scimitar
 J - a +0 scimitar of protection
Missiles
 v - 2 throwing nets (quivered)
Armour
 f - a +0 pair of boots (worn)
 m - a +4 ring mail of cold resistance
 n - the +7 chain mail of Courage (worn) {rN+ Int+4 Dex-4 SInv}
   (You bought it in a shop on level 8 of the Dungeon)

   It affects your intelligence (+4).
   It affects your dexterity (-4).
   It protects you from negative energy.
   It lets you see invisible.
 q - a +0 cloak (worn)
 z - a +2 pair of gloves (worn)
Jewellery
 r - an amulet of regeneration (around neck)
 y - a +1 ring of protection (right hand)
 C - an uncursed ring of fire
 E - the ring of Dawn {*Corrode rN+ Int+3 Dex+3}
   (You found it on level 5 of the Dungeon)

   [ring of intelligence]

   It affects your intelligence (+3).
   It affects your dexterity (+3).
   It protects you from negative energy.
   It may corrode you when you take damage.
Wands
 e - a wand of enslavement (8)
 x - a wand of paralysis (21)
 A - a wand of polymorph (17)
 K - a wand of disintegration (8)
Scrolls
 d - 3 scrolls of blinking
 h - 4 scrolls of remove curse
 i - 6 scrolls of teleportation
 k - 5 scrolls of fog
 s - a scroll of magic mapping
 I - a scroll of identify
 L - a scroll of fear
Potions
 g - a potion of haste
 j - a potion of brilliance
 l - a potion of invisibility
 o - 5 potions of lignification
 p - 2 potions of agility
 u - 3 potions of curing
 w - 2 potions of heal wounds
 B - 3 potions of degeneration
 D - a potion of mutation {unknown}
 F - 2 potions of ambrosia
 G - a potion of magic {unknown}
 H - 3 potions of might
Comestibles
 c - 23 rations
 t - 2 chunks of flesh


   Skills:
 - Level 10.0 Fighting
 + Level 13.8 Long Blades
 + Level 9.6 Armour
 + Level 7.4 Dodging
 - Level 1.7 Stealth
 * Level 5.0 Evocations


You had 10 spell levels left.
You didn't know any spells.
Your spell library contained the following spells:

 Spells                   Type           Power        Failure   Level  Hunger
 Animate Skeleton         Necr           N/A          95%         1    ##.....
 Apportation              Tloc           #.....       95%         1    ##.....
 Confusing Touch          Hex            #.....       95%         1    ##.....
 Summon Small Mammal      Summ           #...         95%         1    ##.....


Dungeon Overview and Level Annotations

Branches:
Dungeon (11/15)            Temple (0/1) D:4             Orc (0/2) D:9
   Lair: D:8-11

Altars:
Cheibriados
Dithmenos
Elyvilon
Fedhas
Gozag
Kikubaaqudgha
Nemelex Xobeh
Qazlal
Ru
Sif Muna
Trog
Uskayaw
Xom
Yredelemnul
Beogh

Shops:
D:4 [   D:5 =   D:8 *=(%[   D:10 *

Annotations:
D:4 2 runed doors, 2 transporters, CrazyArbalest's ghost, amateur HOFi; Menkaure
D:9 fly
D:11 Snorg


Innate Abilities, Weirdness & Mutations

You reflexively headbutt those who attack you in melee.
You have a pair of horns on your head.


Message History

A warg comes into view.
You feel sick.
The warg howls!
Snorg bites you!!
* * * LOW HITPOINT WARNING * * *
Snorg barely misses you. x2
Things that are here:
a whip of electrocution; a steaming spear {freeze}; a kobold corpse
As you read the scroll of teleportation, it crumbles to dust.
You feel strangely unstable. Snorg closely misses you.
You riposte.
You closely miss Snorg. Your headbutt misses Snorg.
Snorg is lightly wounded.
Snorg claws you but does no damage. x2; Snorg bites you but does no damage.
Snorg claws you!
* * * LOW HITPOINT WARNING * * *
Snorg claws you but does no damage. The warg bites you but does no damage.
Snorg bites you.
* * * LOW HITPOINT WARNING * * *
Snorg claws you but does no damage. Snorg claws you!
You die...

#.. #... .# ...#
...#..##.##...####
# #.#..............
#.#..#....#.......#
#.................#
####.#.####(.......
## #..)# #)##...K.
.# ##..####T#


KoK .# #...[h@)# . .# ##>###### .# ########.# .# #....))..# .# #.######## .# #.#
.# #.# .# #.# .# #.# You could see Snorg (berserk) and a warg.

Vanquished Creatures
  Harold (D:8)
  A two-headed ogre (D:8)
  Nergalle (D:10)
  Pikel (D:9)
  An ugly thing (D:11)
  A gargoyle (D:10)
  3 hippogriffs
  A vampire (D:10)
  11 yaks
  A hungry ghost (D:9)
  2 swamp worms (D:8)
  Edmund (D:6)
  A water moccasin (D:6)
  An ice beast (D:10)
  2 orc warriors
  A sky beast (D:9)
  4 phantoms
  3 black bears (D:10)
  5 ogres
  3 centaurs
  A crocodile (D:7)
  3 big kobolds
  8 bullfrogs
  3 scorpions
  A water moccasin skeleton (D:9)
  9 wights
  8 killer bees
  A howler monkey (D:4)
  5 crimson imps
  A quasit (D:9)
  2 bullfrog zombies
  5 hounds
  2 jellies (D:10)
  Crazy Yiuf (D:7)
  3 orc priests
  Ijyb (D:3)
  5 iguanas
  5 orc wizards
  5 worker ants
  A killer bee zombie (D:7)
  3 hound skeletons
  A worker ant zombie (D:8)
  10 adders
  3 shadow imps
  4 oozes
  A worm (D:2)
  3 dart slugs
  8 leopard geckos
  47 orcs
  A ball python (D:2)
  9 bats
  2 giant cockroaches
  12 goblins
  7 hobgoblins
  11 jackals
  3 quokkas
  8 frilled lizards
  A giant cockroach zombie (D:6)
  26 kobolds
  A leopard gecko zombie (D:5)
  A quokka skeleton (D:3)
  10 rats
287 creatures vanquished.

Vanquished Creatures (collateral kills)
  Prince Ribbit (D:8)
  6 swamp worms (D:8)
  An orc warrior (D:8)
  A centaur zombie (D:8)
  2 orcs (D:8)
11 creatures vanquished.

Vanquished Creatures (others)
  A jackal skeleton (D:9)
  2 plants (D:8)
3 creatures vanquished.

Grand Total: 301 creatures vanquished

Notes
Turn   | Place    | Note
-------+----------+-------------------------------------------
     0 | D:1      | izee the Minotaur Berserker began the quest for the Orb.
     0 | D:1      | Reached XP level 1. HP: 19/19 MP: 0/0
    73 | D:1      | Reached XP level 2. HP: 23/27 MP: 1/1
    78 | D:1      | Reached skill level 4 in Long Blades
   339 | D:1      | Reached XP level 3. HP: 25/33 MP: 2/2
   533 | D:1      | Reached ** piety under Trog
  1122 | D:2      | Reached XP level 4. HP: 41/41 MP: 3/3
  1244 | D:2      | Reached skill level 5 in Long Blades
  1861 | D:4      | Found Kyurpheh's Armour Emporium.
  1892 | D:4      | Found a runed door.
  1893 | D:4      | Noticed a bullfrog
  1896 | D:4      | Noticed CrazyArbalest's ghost (amateur HOFi)
  1956 | D:4      | Noticed a phantom
  2025 | D:4      | Killed a phantom
  2025 | D:4      | Reached XP level 5. HP: 24/47 MP: 4/4
  2195 | D:4      | Reached skill level 6 in Long Blades
  2261 | D:4      | Reached *** piety under Trog
  2261 | D:4      | Reached skill level 5 in Fighting
  2261 | D:4      | Reached XP level 6. HP: 56/56 MP: 5/5
  2291 | D:4      | Found a runed door.
  2300 | D:4      | Reached skill level 7 in Long Blades
  2302 | D:4      | Found a basalt altar of Yredelemnul.
  2303 | D:4      | Noticed Menkaure
  2309 | D:4      | Found an ancient bone altar of Kikubaaqudgha.
  2403 | D:3      | Noticed Ijyb
  2428 | D:3      | Paralysed by Ijyb for 2 turns
  2431 | D:3      | Killed Ijyb
  2711 | D:3      | Reached XP level 7. HP: 57/61 MP: 6/6
  2914 | D:4      | Found a transporter.
  2925 | D:4      | Found a transporter.
  2981 | D:4      | Found a staircase to the Ecumenical Temple.
  3648 | D:5      | Entered Level 5 of the Dungeon
  3650 | D:5      | Found Uroh Kem's Jewellery Shop.
  3800 | D:5      | Reached skill level 8 in Long Blades
  3919 | D:5      | Reached skill level 5 in Armour
  3923 | D:5      | Reached XP level 8. HP: 70/70 MP: 7/7
  3965 | D:5      | Reached **** piety under Trog
  3988 | D:5      | Reached skill level 9 in Long Blades
  4222 | D:5      | Got a warped granite ring
  4699 | D:6      | Identified the ring of Dawn {*Corrode rN+ Int+3 Dex+3} (You
                  | found it on level 5 of the Dungeon)
  5241 | D:6      | Reached skill level 10 in Long Blades
  5316 | D:6      | Noticed Edmund
  5334 | D:6      | Killed Edmund
  5408 | D:6      | Found a sparkling altar of Nemelex Xobeh.
  5473 | D:7      | Found an opulent altar of Gozag.
  5477 | D:7      | Found a shimmering altar of Xom.
  5479 | D:7      | Found a deep blue altar of Sif Muna.
  5480 | D:7      | Found a shadowy altar of Dithmenos.
  5480 | D:7      | Found a blossoming altar of Fedhas.
  5481 | D:7      | Found a white marble altar of Elyvilon.
  5481 | D:7      | Found a stormy altar of Qazlal.
  5482 | D:7      | Found a hide-covered altar of Uskayaw.
  5590 | D:7      | Found a runed door.
  5594 | D:7      | Noticed Crazy Yiuf
  5596 | D:7      | Killed Crazy Yiuf
  5700 | D:7      | Reached XP level 9. HP: 79/79 MP: 8/8
  6138 | D:8      | Found Ewiagh's Food Shoppe.
  6139 | D:8      | Found Osuok's Jewellery Emporium.
  6191 | D:8      | Reached skill level 11 in Long Blades
  6205 | D:8      | Found Ceacoeso's Antique Armour Boutique.
  6283 | D:8      | Noticed a two-headed ogre
  6296 | D:8      | Killed a two-headed ogre
  6296 | D:8      | Reached skill level 12 in Long Blades
  6296 | D:8      | Reached skill level 1 in Stealth
  6519 | D:8      | Reached XP level 10. HP: 40/89 MP: 9/9
  6521 | D:8      | HP: 4/89 [swamp worm/harpoon shot (11)]
  6523 | D:8      | Reached skill level 5 in Dodging
  6652 | D:8      | Bought a turquoise-encrusted chain mail for 275 gold pieces
  6660 | D:8      | Identified the +7 chain mail of Courage {rN+ Int+4 Dex-4
                  | SInv} (You bought it in a shop on level 8 of the Dungeon)
  6676 | D:8      | Found Vathraom's Antique Weapon Shop.
  6709 | D:8      | Noticed Prince Ribbit
  6722 | D:8      | Killed Prince Ribbit
  6835 | D:8      | Noticed Harold
  6852 | D:8      | Killed Harold
  6852 | D:8      | Reached skill level 13 in Long Blades
  6925 | D:8      | Found a snail-covered altar of Cheibriados.
  6944 | D:8      | Found Mufam's Assorted Antiques.
  6950 | D:8      | Bought a tubular silver ring for 135 gold pieces
  7043 | D:8      | Found a sacrificial altar of Ru.
  7450 | D:9      | Found a staircase to the Orcish Mines.
  7526 | D:9      | Found a bloodstained altar of Trog.
  7570 | D:9      | Reached skill level 1 in Evocations
  7815 | D:9      | Noticed Pikel
  7835 | D:9      | Killed Pikel
  7929 | D:9      | Found a roughly hewn altar of Beogh.
  7967 | D:9      | Reached ***** piety under Trog
  8171 | D:10     | Entered Level 10 of the Dungeon
  8218 | D:10     | Noticed Nergalle
  8231 | D:10     | Killed Nergalle
  8231 | D:10     | Reached XP level 11. HP: 99/99 MP: 12/12
  8389 | D:10     | Reached skill level 10 in Fighting
  8391 | D:10     | Received a gift from Trog
  8394 | D:10     | Got a smoking triple sword {god gift}
  8395 | D:10     | Identified the +6 triple sword of Uncertain Death {slice,
                  | rPois Dex+4 Stlth+} (Trog gifted it to you on level 10 of
                  | the Dungeon)
  8773 | D:10     | Found Qerora Wuyky's General Store.
  8777 | D:10     | Bought a scroll of identify for 22 gold pieces
  8777 | D:10     | Bought a scroll of identify for 22 gold pieces
  8937 | D:11     | Noticed Snorg
  9043 | D:11     | Noticed a purple ugly thing
  9053 | D:11     | Killed a purple ugly thing
  9210 | D:11     | Reached skill level 5 in Evocations
  9246 | D:11     | HP: 2/99 [Snorg (6)]
  9246 | D:11     | Slain by Snorg

Skill      XL: |  1  2  3  4  5  6  7  8  9 10 11 |
---------------+----------------------------------+-----
Long Blades    | 4 5 6 7 8 10 12 13 | 13.8
Fighting       | 4 5 6 7 8 9 10 | 10.0
Dodging        | 3 4 6 7 |  7.4
Armour         | 3 4 5 7 9 |  9.6
Stealth        | 1 |  1.7
Evocations     | 3 5 |  5.0

Action                   |  1- 3 |  4- 6 |  7- 9 | 10-12 || total
-------------------------+-------+-------+-------+-------++-------
Melee: Falchion          |    84 |    99 |       |       ||   183
       Headbutt          |    10 |    26 |    62 |    59 ||   157
       Scimitar          |       |    43 |   269 |   264 ||   576
       Triple sword      |       |       |       |    99 ||    99
Invok: Berserk           |     1 |     2 |     6 |     1 ||    10
       Brothers in Arms  |       |       |     1 |     1 ||     2
  Use: Potion            |       |       |     5 |     1 ||     6
       Scroll            |       |       |    13 |     8 ||    21
  Eat: Chunk             |     2 |     3 |    14 |    17 ||    36
       Ration            |       |     1 |     1 |       ||     2
Armor: Animal skin       |    22 |       |       |       ||    22
       Plate armour      |     5 |    76 |    99 |       ||   180
       Ring mail         |       |       |    62 |     6 ||    68
       Skin              |       |       |    30 |       ||    30
       Chain mail        |       |       |       |   180 ||   180
Dodge: Dodged            |    48 |    36 |   134 |   161 ||   379
       Rpst.: Falchion   |     9 |     9 |       |       ||    18
       Scimitar          |       |     1 |    28 |    30 ||    59
       Triple sword      |       |       |       |     7 ||     7
